 Dungeon Crawl Stone Soup version 0.31.0-12-g77e489cdc1 (webtiles) character file.

Game seed: 16662773713244787153

13583 112233 the Destroyer (level 12, -2/75 HPs)
             Began as a Tengu Conjurer on Feb 13, 2024.
             Was an Initiate of Gozag.
             Slain by a death yak (19 damage)
             ... on level 7 of the Dungeon.
             The game lasted 00:14:45 (14630 turns).

112233 the Destroyer (Tengu Conjurer)              Turns: 14630, Time: 00:14:45

Health: -2/75      AC:  7    Str:  8    XL:     12   Next: 7%
Magic:  6/28       EV: 34    Int: 32    God:    Gozag
Gold:   958        SH:  0    Dex: 11    Spells: 20/34 levels left

rFire   . . .        L - +4 mace "Biddularya" {flame, rElec rC++ Int+3 Dex-2}
rCold   + + .        (no shield)
rNeg    . . .        a - +0 robe
rPois   .            (helmet restricted)
rElec   +            J - scarf {shadows}
rCorr   .            G - +0 pair of gloves
SInv    .            (boots unavailable)
Will    .....        j - amulet of the acrobat
Stlth   ++           i - +4 ring of protection
HPRegen 0.32/turn    F - +6 ring of intelligence
MPRegen 0.21/turn

%: acrobat
@: acrobatic, flying
A: beak, talons 3, evasive flight, acrobatic
a: Renounce Religion, Potion Petition, Call Merchant, Bribe Branch


You were on level 7 of the Dungeon.
You worshipped Gozag.
Gozag was pleased with you.
You visited 1 branch of the dungeon, and saw 11 of its levels.
You also visited: Sewer and Bailey.

You collected 2560 gold pieces.
You paid 1602 gold pieces to Gozag.

Inventory:

Hand Weapons
 c - a +0 dagger
 C - the +1 short sword of Inquiry {freeze, rElec rF- rCorr}
   (You found it on level 6 of the Dungeon)

   rF-:       It makes you vulnerable to fire.
   rElec:     It insulates you from electricity.
   rCorr:     It protects you from acid and corrosion.
 L - the +4 mace "Biddularya" (weapon) {flame, rElec rC++ Int+3 Dex-2}
   (You took it off an orc wizard on level 9 of the Dungeon)

   Int+3:     It affects your intelligence (+3).
   Dex-2:     It affects your dexterity (-2).
   rC++:      It greatly protects you from cold.
   rElec:     It insulates you from electricity.
 P - a +3 executioner's axe
 R - the +3 long sword "Cohigib" {protect, rElec Will++ rCorr Stlth-}
   (You found it on level 10 of the Dungeon)

   rElec:     It insulates you from electricity.
   Will++:    It greatly increases your willpower.
   rCorr:     It protects you from acid and corrosion.
   Stlth-:    It makes you less stealthy.
Missiles
 A - 3 throwing nets
Armour
 a - a +0 robe (worn)
 h - a +2 tower shield
 G - a +0 pair of gloves (worn)
 J - a scarf of shadows (worn)
Magical Staves
 l - a staff of alchemy
Jewellery
 i - a +4 ring of protection (left hand)
 j - an amulet of the acrobat (around neck)
 x - a ring of see invisible
 F - a +6 ring of intelligence (right hand)
 H - an amulet of regeneration
Talismans
 y - a dragon-blood talisman
Wands
 b - a wand of mindburst (9) (quivered)
 I - a wand of flame (26)
Scrolls
 d - 5 scrolls of vulnerability {unknown}
 f - 4 scrolls of summoning
 g - a scroll of silence
 k - 7 scrolls of identify {unknown}
 m - 2 scrolls of blinking {unknown}
 n - 6 scrolls of fog {unknown}
 o - a scroll of noise {unknown}
 p - 2 scrolls of enchant armour {unknown}
 r - 5 scrolls of teleportation {unknown}
 u - 4 scrolls of enchant weapon {unknown}
 D - a scroll of brand weapon {unknown}
 E - a scroll of poison {unknown}
 M - a scroll of revelation {unknown}
 N - a scroll of acquirement
 Q - a scroll of fear {unknown}
Potions
 e - a potion of brilliance {unknown}
 s - a potion of might {unknown}
 t - 2 potions of haste {unknown}
 v - 4 potions of curing {unknown}
 w - a potion of berserk rage {unknown}
 z - 3 potions of cancellation {unknown}
 B - 2 potions of mutation {unknown}
 K - a potion of invisibility
Miscellaneous
 O - a box of beasts


   Skills:
 + Level 8.4 Fighting
 + Level 9.6 Dodging
 - Level 2.0 Stealth
 + Level 11.5 Spellcasting
 + Level 12.2 Conjurations


You had 20 spell levels left.
You knew the following spells:

 Your Spells              Type           Power      Damage    Failure   Level
a - Magic Dart            Conj           100%       1d8       1%          1
b - Searing Ray           Conj           100%       2d8       1%          2
c - Iskenderun's Mystic   Conj/Tloc      55%        2d12      1%          4
d - Starburst             Conj/Fire      27%        6d9       32%         6
e - Apportation           Tloc           36%        N/A       2%          1

Your spell library contained the following spells:

 Spells                   Type           Power      Damage    Failure   Level
 Dazzling Flash           Conj/Hex       100%       N/A       1%          3
 Fulminant Prism          Conj/Alch      27%        3d14      1%          4
 Call Imp                 Summ           36%        N/A       4%          2
 Jinxbite                 Hex            36%        N/A       4%          2
 Sublimation of Blood     Necr           18%        N/A       4%          2
 Summon Ice Beast         Ice/Summ       18%        N/A       8%          3
 Volatile Blastmotes      Fire/Tloc      36%        2d13      8%          3
 Alistair's Intoxication  Alch           12%        N/A       58%         5
 Summon Forest            Summ/Tloc      9%         N/A       58%         5
 Summon Mana Viper        Hex/Summ       18%        N/A       58%         5
 Eringya's Noxious Bog    Alch           9%         4d6       99%         6
 Monstrous Menagerie      Summ           9%         N/A       100%        7
 Summon Hydra             Summ           9%         N/A       100%        7
 Maxwell's Capacitive Co  Air            9%         ∞         100%        8


Dungeon Overview and Level Annotations

Branches:
Dungeon (11/15)            Temple (0/1) D:6           Sewer (visited)
 Bailey (visited)
   Lair: D:8-11         Orc: D:9-12

Altars:
Ashenzari
Dithmenos
Elyvilon
Gozag
Hepliaklqana
Kikubaaqudgha
Nemelex Xobeh
Qazlal
Ru
Vehumet
The Shining One

Shops:
D:4 :

Annotations:
D:2 exclusion: downstairs
D:4 1 runed translucent door, Crazy Yiuf
D:5 exclusion: downstairs
D:7 3 runed translucent doors, lis82's ghost, novice DgIE
D:9 exclusion: upstairs


Innate Abilities, Weirdness & Mutations

You have a beak for a mouth.
You have claws for feet.
Your magical flight helps you evade attacks. (EV +4)
You can magically evade attacks while moving or waiting.


Message History

Confirm with . or Enter, or press ? or * to list all spells.
You erupt in a blast of force!
The mystic blast hits the death yak.
The death yak is lightly wounded.
The death yak is knocked back by the mystic blast.
Unknown command.
Casting: Iskenderun's Mystic Blast (dangerous; 1% risk of failure)
Confirm with . or Enter, or press ? or * to list all spells.
Aiming: Searing Ray (safe; 1% risk of failure)
Press: ? - help, Shift-Dir - straight line, f - death yak
Aim: a death yak (lightly wounded, 94% to hit)
The searing ray hits the death yak!
The death yak is moderately wounded. (Press . to maintain the ray.) Unknown command.
The searing ray hits the death yak but does no damage.
The death yak is moderately wounded.
The death yak gores you!
The searing ray hits the death yak.
The death yak is moderately wounded.
The death yak closely misses you.
The searing ray hits the death yak!
The death yak is moderately wounded.
You finish channelling your searing ray.
The death yak misses you.
Casting: Searing Ray (safe; 1% risk of failure)
Confirm with . or Enter, or press ? or * to list all spells.
You erupt in a blast of force!
The mystic blast hits the death yak!
The death yak is heavily wounded.
The death yak is knocked back by the mystic blast.
Unknown command.
Casting: Iskenderun's Mystic Blast (dangerous; 1% risk of failure)
Confirm with . or Enter, or press ? or * to list all spells.
You erupt in a blast of force!
The mystic blast hits the death yak but does no damage.
The death yak is heavily wounded.
The death yak gores you!
* * * LOW HITPOINT WARNING * * *
The death yak gores you!!
You die...
Your body crumbles into a pile of gold.

#.## ##.#.#8.............8 ##.[##
#.#.#######+++######
.....#########(#.##..oWhooooo...#
#..............#.##....#####)...#
##.#.###########.##.###.ooo.###.#
##..## #.##.#8#..8..#8#.# ...##
###.##.............# ####
#..Y>#8....._[)...8#
#######.#@#### #### #####
#............# #..# #....
##.#####.#.#.## #).###..##
#######...## #.....#####.......##
...........# ###.####............
#######...## #.# #.##.......## #
##.## #.# #.##.......## # ###
#.####.##.......## #
#...##.#####..####


You could see a death yak.

Vanquished Creatures
  An orc warlord (Bailey)
  2 two-headed ogres
  Sonja (D:10)
  2 orc knights (Bailey)
  A manticore (D:8)
  A cyclops (D:11)
  2 gargoyles
  Maggie (D:5)
  4 trolls
  A merfolk (D:9)
  A hornet (D:9)
  Prince Ribbit (D:8)
  10 yaks
  A vampire (D:9)
  A wraith (D:10)
  A steam dragon (D:7)
  An acid dragon (D:9)
  14 orc warriors
  2 ice beasts
  2 black bears
  2 ogres
  5 centaurs
  2 phantoms (D:6)
  3 kobold brigands
  2 bullfrogs (D:6)
  3 gnoll sergeants
  A scorpion (D:7)
  9 wights
  8 killer bees
  7 howler monkeys
  4 hounds
  2 bombardier beetles
  A jelly (D:8)
  A gnoll bouda (D:9)
  An orc priest (D:8)
  3 iguanas
  Jessica (D:3)
  13 orc wizards
  9 adders
  21 gnolls
  A river rat (Sewer)
  2 shadow imps
  2 white imps
  2 ufetubi (D:5)
  4 dart slugs
  2 ribbon worms
  34 orcs
  7 ball pythons
  3 bats (D:1)
  6 endoplasms
  2 giant cockroaches
  23 goblins
  15 hobgoblins
  3 quokkas
  3 frilled lizards
  15 kobolds
  8 rats
280 creatures vanquished.

Notes
Turn   | Place    | Note
-------+----------+-------------------------------------------
     0 | D:1      | 112233 the Tengu Conjurer began the quest for the Orb.
     0 | D:1      | Reached XP level 1. HP: 10/10 MP: 4/4
    61 | D:1      | Reached XP level 2. HP: 14/15 MP: 0/6
   300 | D:1      | Learned a level 2 spell: Searing Ray
   551 | D:1      | Reached XP level 3. HP: 16/19 MP: 3/8
   664 | D:1      | Found a faded altar of an unknown god.
  1240 | D:2      | Found an opulent altar of Gozag.
  1260 | D:2      | Became a worshipper of Gozag Ym Sagoz the Greedy
  1679 | D:2      | Reached XP level 4. HP: 24/24 MP: 6/10
  2103 | D:3      | Found a glowing drain.
  2112 | Sewer    | Entered a sewer
  2317 | Sewer    | Noticed a kobold brigand
  2325 | Sewer    | Killed a kobold brigand
  2326 | Sewer    | Reached skill level 5 in Spellcasting
  2326 | Sewer    | Reached XP level 5. HP: 28/28 MP: 0/13
  2466 | Sewer    | Noticed a kobold brigand
  2478 | Sewer    | Killed a kobold brigand
  2479 | Sewer    | Reached XP level 6. HP: 26/32 MP: 1/15
  2957 | D:3      | Noticed Jessica
  2959 | D:3      | Killed Jessica
  3579 | D:4      | Found a runed translucent door.
  3580 | D:4      | Noticed Crazy Yiuf
  3638 | D:4      | Found Desyim's Book Boutique.
  3784 | D:4      | Noticed a black bear
  3790 | D:4      | Killed a black bear
  3791 | D:4      | Gained mutation: Your magical flight helps you evade
                  | attacks. (EV +4) [Tengu growth]
  3791 | D:4      | Reached XP level 7. HP: 28/36 MP: 8/18
  3796 | D:4      | Learned a level 4 spell: Iskenderun's Mystic Blast
  4321 | D:5      | Entered Level 5 of the Dungeon
  4327 | D:5      | Found a sparkling altar of Nemelex Xobeh.
  5241 | D:5      | Reached XP level 8. HP: 41/41 MP: 11/21
  5467 | D:6      | Noticed Maggie
  6013 | D:5      | Killed Maggie
  6014 | D:5      | Reached skill level 6 in Conjurations
  6488 | D:6      | Found a radiant altar of Vehumet.
  6624 | D:6      | Reached XP level 9. HP: 49/49 MP: 15/23
  6727 | D:6      | Found a staircase to the Ecumenical Temple.
  6739 | D:6      | Reached skill level 7 in Conjurations
  6856 | D:6      | Identified the +1 short sword of Inquiry {freeze, rElec rF-
                  | rCorr}
  7450 | D:7      | Reached skill level 5 in Dodging
  7939 | D:7      | Found a runed translucent gate.
  7939 | D:7      | Found a runed translucent gate.
  7941 | D:7      | Found a runed translucent gate.
  8380 | D:7      | Noticed lis82's ghost (novice DgIE)
  8474 | D:8      | Reached skill level 8 in Conjurations
  8652 | D:8      | Noticed Prince Ribbit
  8659 | D:8      | Killed Prince Ribbit
  8670 | D:8      | Noticed a manticore
  8857 | D:9      | Noticed a troll
  8865 | D:9      | Killed a troll
  8866 | D:9      | Reached skill level 5 in Fighting
  8866 | D:9      | Reached XP level 10. HP: 59/59 MP: 13/24
  8959 | D:9      | Reached skill level 10 in Spellcasting
  8959 | D:9      | Reached skill level 9 in Conjurations
  9035 | D:9      | Noticed a two-headed ogre
  9496 | D:9      | Found a shadowy altar of Dithmenos.
  9497 | D:9      | Found a glowing golden altar of the Shining One.
  9498 | D:9      | Found a sacrificial altar of Ru.
  9499 | D:9      | Found a stormy altar of Qazlal.
  9778 | D:9      | Killed a two-headed ogre
  9779 | D:9      | Reached skill level 10 in Conjurations
  9848 | D:9      | Identified the +4 mace "Biddularya" {flame, rElec rC++
                  | Int+3 Dex-2}
  9986 | D:9      | Noticed a gargoyle
 10041 | D:10     | Entered Level 10 of the Dungeon
 10160 | D:10     | Found a broken altar of Ashenzari.
 10166 | D:10     | Found a hazy altar of Hepliaklqana.
 10168 | D:10     | Found a white marble altar of Elyvilon.
 10170 | D:10     | Found an ancient bone altar of Kikubaaqudgha.
 10173 | D:10     | Found a faded altar of an unknown god.
 10195 | D:10     | Identified the +3 long sword "Cohigib" {protect, rElec
                  | Will++ rCorr Stlth-}
 10253 | D:10     | Found a flagged portal.
 10275 | Bailey   | Entered a bailey
 10483 | Bailey   | Learned a level 6 spell: Starburst
 10528 | Bailey   | Noticed an orc knight
 10545 | Bailey   | Killed an orc knight
 10546 | Bailey   | Reached XP level 11. HP: 66/66 MP: 11/26
 10642 | Bailey   | Noticed an orc knight
 10849 | Bailey   | Identified the +6 dagger of Calculation {freeze, Int+2}
 10898 | Bailey   | Killed an orc knight
 10971 | Bailey   | Noticed an orc warlord
 11127 | Bailey   | Killed an orc warlord
 11128 | Bailey   | Reached skill level 11 in Conjurations
 12044 | D:10     | Noticed Sonja
 12055 | D:10     | Killed Sonja
 13215 | D:11     | Noticed a cyclops
 13229 | D:11     | Killed a cyclops
 13305 | D:11     | Noticed a two-headed ogre
 13316 | D:11     | Killed a two-headed ogre
 13319 | D:11     | Noticed a manticore
 13511 | D:9      | HP: 3/68 [gargoyle/+0 mace (13)]
 13802 | D:9      | Learned a level 1 spell: Apportation
 13884 | D:8      | Killed a manticore
 14028 | D:8      | Reached skill level 12 in Conjurations
 14182 | D:8      | Reached XP level 12. HP: 75/75 MP: 8/28
 14595 | D:8      | Noticed a death yak
 14630 | D:7      | Slain by a death yak

Illustrated notes

Levels and vault maps discovered:
D:1:      elethiomel_arrival_quiet, layout_basic,
          hellmonk_ecumenical_altar_pennies_from_heaven
D:2:      layout_loops_ring, basic_altar
D:3:      layout_rooms, portal_sewer_entry_d, uniq_jessica
D:4:      layout_rooms, nicolae_wooded_promenade, minmay_diced_spiral,
          uniq_crazy_yiuf_cottage
D:5:      layout_gridville, mainiacjoe_overflow_tiny_flanked
D:6:      layout_loops_cross, lemuel_tele_altar, minmay_temple_entry_glass,
          uniq_maggie
D:7:      layout_loops_ring, biasface_ghost_orc_armoury
D:8:      layout_cave_pools, dpeg_lair_monsters, uniq_prince_ribbit1
D:9:      minmay_clustersquares, layout_gridville, mainiacjoe_overflow_alcove_3,
          hangedman_fish_farm
D:10:     layout_grid_maze, chequers_temple_overflow_minitemple, enter_bailey_4,
          uniq_sonja
D:11:     layout_roguey, enter_trove_5, portal_ice_cave_demonic_guard,
          minmay_liquid_box, uniq_grum

Skill      XL: |  1  2  3  4  5  6  7  8  9 10 11 |
---------------+----------------------------------+-----
Spellcasting   | 3 5 7 8 9 10 11 | 11.5
Fighting       | 2 5 6 8 |  8.4
Dodging        | 4 6 7 9 |  9.6
Conjurations   | 6 8 10 12 | 12.2
Stealth        | |  2.0

Action                     |  1- 3 |  4- 6 |  7- 9 | 10-12 || total
---------------------------+-------+-------+-------+-------++-------
  Melee: Peck              |     2 |       |     1 |     2 ||     5
         Unarmed           |     2 |       |       |       ||     2
         Kick              |     1 |       |     2 |     4 ||     7
         Dagger            |     1 |       |       |       ||     1
         Staff             |       |       |     7 |       ||     7
         Mace              |       |       |       |    12 ||    12
   Cast: Magic Dart        |    60 |    94 |   132 |   126 ||   412
         Searing Ray       |     1 |     9 |    68 |   111 ||   189
         Iskenderun's Myst |       |       |     1 |    55 ||    56
         Starburst         |       |       |       |     1 ||     1
 Invoke: Potion Petition   |       |       |       |     4 ||     4
  Evoke: Wand              |       |       |     2 |    29 ||    31
    Use: Potion            |       |       |     5 |     6 ||    11
         Scroll            |       |       |       |     2 ||     2
 Armour: Robe              |     5 |     9 |    79 |    99 ||   192
  Dodge: Dodged            |    15 |    15 |   158 |   238 ||   426
